 Dungeon Crawl Stone Soup version 0.29-a0-857-g9b1aa3ac5b (webtiles) character file.

Game seed: 17658931311517091518

72 jimonade the Shield-Bearer (level 4, -1/37 HPs)
             Began as a Formicid Fighter on July 17, 2022.
             Slain by an endoplasm (3 damage)
             ... on level 2 of the Dungeon.
             The game lasted 00:01:40 (1391 turns).

jimonade the Shield-Bearer (Formicid Fighter)       Turns: 1391, Time: 00:01:41

Health: -1/37      AC:  7    Str: 20    XL:     4   Next: 50%
Magic:  4/4        EV:  8    Int: 10    God:
Gold:   28         SH:  9    Dex: 13    Spells: 3/3 levels left

rFire   . . .      SeeInvis +   a - +0 quarterstaff
rCold   . . .      Faith    .   h - +0 kite shield
rNeg    . . .      Spirit   .   b - +0 scale mail
rPois   .          Reflect  .   (helmet unavailable)
rElec   .          Harm     .   (no cloak)
rCorr   .          Rampage  .   (no gloves)
Will    +....                   (no boots)
Stlth   ..........              (no amulet)
HPRegen 0.12/turn               i - ring of willpower
MPRegen 0.09/turn               (no ring)

@: no status effects
A: permanent stasis, dig shafts and tunnels, antennae 3, four strong arms
a: Dig, Shaft Self


You were on level 2 of the Dungeon.
You visited 1 branch of the dungeon, and saw 2 of its levels.

You collected 28 gold pieces.

Inventory:

Hand Weapons
 a - a +0 quarterstaff (weapon)
Armour
 b - a +0 scale mail (worn)
 c - a +0 buckler
 h - a +0 kite shield (worn)
Jewellery
 i - a ring of willpower (left hand)
Scrolls
 e - 2 scrolls of enchant weapon {unknown}
 f - a scroll of enchant armour {unknown}
 g - 2 scrolls of identify {unknown}
 k - a scroll of magic mapping {unknown}
 l - a scroll of torment {unknown}
Potions
 d - a potion of might
 j - a potion of curing


   Skills:
 * Level 4.2 Fighting
 + Level 2.6 Staves
 + Level 3.8 Armour
 + Level 0.3 Dodging
 + Level 4.5 Shields


You had 3 spell levels left.
You didn't know any spells.
Your spell library contained the following spells:

 Spells                   Type           Power      Damage    Failure   Level
 Gell's Gravitas          Tloc           0%         N/A       100%        3
 Teleport Other           Tloc           0%         N/A       100%        3
 Dispersal                Tloc           0%         N/A       100%        6


Dungeon Overview and Level Annotations

Branches:
Dungeon (2/15)

Altars:

Annotations:
D:2 Natasha


Innate Abilities, Weirdness & Mutations

You cannot be hasted, slowed, berserked, paralysed or teleported.
You can dig through walls and to a lower floor.
You have a pair of large antennae on your head. (SInv)
Your four strong arms can wield two-handed weapons with a shield.


Message History

Natasha is heavily wounded.
The adder bites you but does no damage. The hobgoblin closely misses you.
The endoplasm hits you but does no damage.
Natasha drinks a potion.
Natasha is healed!
You hit the adder.
The adder is lightly wounded.
The adder bites you.
The hobgoblin hits you but does no damage.
The endoplasm freezes you.
You are frozen.
Natasha claws you. You block the adder's attack. The hobgoblin hits you.
The endoplasm hits you but does no damage.
Natasha casts a spell at you. The magic dart hits you.
You hit the adder.
The adder is heavily wounded.
The adder bites you but does no damage.
The endoplasm hits you but does no damage.
You block the hobgoblin's attack. Natasha claws you.
You block the adder's attack.
You thump the adder!
You kill the adder!
The endoplasm hits you but does no damage.
The hobgoblin hits you.
* * * LOW HITPOINT WARNING * * *
Natasha claws you but does no damage. The hobgoblin attacks as you move away!
The hobgoblin barely misses you.
You see here an adder corpse.
The endoplasm attacks as you move away! You block the endoplasm's attack.
Natasha stares at you and mumbles some strange words.
The magic dart hits you!
* * * LOW HITPOINT WARNING * * *
The endoplasm attacks as you move away!
The endoplasm hits you but does no damage.
The endoplasm attacks as you move away!
The endoplasm hits you but does no damage.
The endoplasm attacks as you move away! The endoplasm hits you.
* * * LOW HITPOINT WARNING * * *
The endoplasm attacks as you move away! The endoplasm hits you.
You die...

# #. .### #.#. ... #
#.#.#..###.#
#........#.#
#.#........# ##
#.#...g###...# .
#......†.....# .#
#.###########.†....#
.##......@Jh.g#.#.#....
..########.#...#...###
#.##.......#.### ###
#.##'######..†.#
#####........##.....#
#............##.###.#
#............##.. .#
#.......######### #
#.......#


You could see Natasha, an endoplasm and a hobgoblin (reflecting).

Vanquished Creatures
  Natasha (D:2)
  An adder (D:2)
  2 dart slugs
  5 ball pythons (D:1)
  2 bats (D:1)
  6 endoplasms (D:1)
  2 giant cockroaches (D:1)
  2 hobgoblins (D:1)
  3 quokkas (D:1)
  A frilled lizard (D:1)
  2 goblins (D:1)
  5 rats
32 creatures vanquished.

Notes
Turn   | Place    | Note
-------+----------+-------------------------------------------
     0 | D:1      | jimonade the Formicid Fighter began the quest for the Orb.
     0 | D:1      | Reached XP level 1. HP: 18/18 MP: 1/1
   378 | D:1      | Reached XP level 2. HP: 25/25 MP: 2/2
   639 | D:1      | Reached XP level 3. HP: 24/30 MP: 3/3
  1017 | D:1      | Found a faded altar of an unknown god.
  1335 | D:2      | Noticed Natasha
  1339 | D:2      | Killed Natasha
  1340 | D:2      | Reached XP level 4. HP: 37/37 MP: 4/4
  1370 | D:2      | Noticed Natasha
  1391 | D:2      | Slain by an endoplasm

Illustrated notes

Levels and vault maps discovered:
D:1:      shiori_arrival_maze, layout_loops_cross, serial_glass,
          glass_columns_a, glass_columns_b, glass_columns_a, glass_columns_b,
          ebering_ecumenical_altar_mist, chequers_serial_rivers_large_b,
          minmay_three_crescents
D:2:      layout_basic, kennysheep_generic_room_8, uniq_robin, uniq_natasha

Skill      XL: |  1  2  3 |
---------------+----------+-----
Fighting       | 4 |  4.2
Staves         | |  2.6
Armour         | |  3.8
Dodging        | |  0.3
Shields        | |  4.5

Action                   |  1- 3 |  4- 6 || total
-------------------------+-------+-------++-------
Melee: Quarterstaff      |    78 |    13 ||    91
Armor: Scale mail        |    27 |    17 ||    44
Dodge: Dodged            |    33 |     4 ||    37
Block: Buckler           |    12 |       ||    12
       Kite shield       |    18 |    10 ||    28

Table legend: (Time is in decaauts)
 A = Elapsed time spent in this place.
 B = Non-inter-level travel time spent in this place.
 C = Inter-level travel time spent in this place.
 D = Time resting spent in this place.
 E = Time spent auto-exploring this place.
 F = Levels seen in this place.
 G = Mean time per level.
                   A        B        C        D        E       F      G
               +--------+--------+--------+--------+--------+-----+--------+
         Total |   1463 |   1451 |     12 |      0 |   1197 |   2 |  731.5 |
       Dungeon |   1463 |   1451 |     12 |      0 |   1197 |   2 |  731.5 |
               +--------+--------+--------+--------+--------+-----+--------+

Top non-repeatable levels by time:
     D:1: 1403 daAuts
     D:2: 60 daAuts
